 Dungeon Crawl Stone Soup version 0.28-a0-1382-g92835e5 (webtiles) character file.

Game seed: 682750920801464461

5600 Dorkslayer the Carver (level 10, -18/71 HPs)
             Began as an Octopode Fighter on Jan 1, 2022.
             Was an Initiate of Gozag.
             Engulfed by a cloud of flame (19 damage)
             ... on level 8 of the Dungeon.
             The game lasted 00:26:53 (9134 turns).

Dorkslayer the Carver (Octopode Fighter)            Turns: 9134, Time: 00:26:54

Health: -18/71     AC:  1    Str: 20    XL:     10   Next: 73%
Magic:  10/10      EV: 23    Int: 16    God:    Gozag
Gold:   0          SH: 11    Dex: 12    Spells: 9/9 levels left

rFire   . . .      SeeInvis .   a - +3 long sword (drain)
rCold   . . .      Faith    .   b - +1 buckler
rNeg    + . .      Spirit   .   (helmet restricted)
rPois   .          Reflect  +   q - amulet of reflection
rElec   .          Harm     .   f - ring of positive energy
rCorr   .          Rampage  .   k - +4 ring of evasion
Will    .....                   e - +4 ring of evasion
Stlth   +++++.....              w - +6 ring of intelligence
HPRegen 0.21/turn               (no ring)
MPRegen 0.12/turn               (no ring)
                                (no ring)
                                (no ring)

@: gold aura
A: almost no armour, amphibious, 8 rings, camouflage 1, gelatinous body 1,
(nimble swimmer 1), tentacles
a: Renounce Religion, Potion Petition, Call Merchant, Bribe Branch


You were on level 8 of the Dungeon.
You worshipped Gozag.
Gozag was noncommittal.
You visited 2 branches of the dungeon, and saw 9 of its levels.
You also visited: Bailey.

You collected 1174 gold pieces.
You spent 1065 gold pieces at shops.
You paid 109 gold pieces to Gozag.

Inventory:

Hand Weapons
 a - a +3 long sword of draining (weapon)
Missiles
 c - 71 poisoned darts (quivered)
 y - 5 silver boomerangs
Armour
 b - a +1 buckler (worn)
Jewellery
 e - a +4 ring of evasion (on tentacle)
 f - a ring of positive energy (left tentacle)
 k - a +4 ring of evasion (right tentacle)
 q - an amulet of reflection (around mantle)
 w - a +6 ring of intelligence (on tentacle)
Wands
 o - a wand of polymorph (10)
 u - a wand of iceblast (3)
 x - a wand of digging (3)
 A - a wand of flame (5)
Scrolls
 d - a scroll of silence
 h - 2 scrolls of immolation
 m - a scroll of identify
 n - a scroll of fear
 t - a scroll of magic mapping
 v - a scroll of blinking
 z - a scroll of teleportation
Potions
 g - a potion of flight
 i - 5 potions of might
 j - a potion of mutation
 l - 6 potions of heal wounds
 p - 2 potions of magic
 r - 2 potions of cancellation
 s - a potion of brilliance
 B - 2 potions of haste
 C - 2 potions of curing


   Skills:
 + Level 7.1 Fighting
 + Level 9.2 Long Blades
 + Level 3.3 Throwing
 + Level 6.7 Dodging
 + Level 7.7 Stealth
 + Level 5.3 Shields
 + Level 5.3 Evocations


You had 9 spell levels left.
You didn't know any spells.
Your spell library contained the following spells:

 Spells                   Type           Power      Damage    Failure   Level
 Magic Dart               Conj           0%         1d3       26%         1
 Slow                     Hex            0%         N/A       26%         1
 Blink                    Tloc           0%         N/A       36%         2
 Call Imp                 Summ           0%         N/A       36%         2
 Confusing Touch          Hex            0%         N/A       58%         3
 Conjure Flame            Conj/Fire      0%         6-21      58%         3
 Ignite Poison            Fire/Tmut/Pois 0%         N/A       58%         3
 Lesser Beckoning         Tloc           0%         N/A       58%         3
 Mephitic Cloud           Conj/Pois/Air  0%         N/A       58%         3
 Ozocubu's Armour         Ice            0%         N/A       58%         3
 Vampiric Draining        Necr           0%         2d6       58%         3
 Sticky Flame             Conj/Fire      0%         2d3       94%         4
 Manifold Assault         Tloc           0%         N/A       100%        5
 Ozocubu's Refrigeration  Ice            0%         4d5       100%        7


Dungeon Overview and Level Annotations

Branches:
Dungeon (8/15)             Temple (1/1) D:7          Bailey (visited)
   Lair: D:8-11

Altars:
Ashenzari
Cheibriados
Dithmenos
Fedhas
Gozag
Hepliaklqana
Kikubaaqudgha
Nemelex Xobeh
Sif Muna
Uskayaw
Vehumet
Wu Jian
Xom
The Shining One

Shops:
D:2 *   D:3 ?   D:4 (   D:7 *:!

Annotations:
D:3 3 runed translucent doors, Caerwyn's ghost, weakling BaIE


Innate Abilities, Weirdness & Mutations

You cannot wear most types of armour.
You are amphibious.
You can wear up to eight rings at the same time.
Your skin changes colour to match your surroundings (Stealth+).
Your rubbery body absorbs attacks. (AC +1, EV +1)
((You are camouflaged when in or above water. (Stealth+)))
You have tentacles for arms and can constrict up to eight enemies at once.


Message History

You swing at nothing.
(D) Dungeon (T) Temple
Where to? (Enter - D:8, ? - help)
What level of the Dungeon? (default 1, ? - help)
You see here 23 stones.
There is a stone staircase leading down here.
You climb downwards.
Found a chain mail and 22 stones.
Found a stone staircase leading down.
There is a stone staircase leading up here.
There are monsters nearby!
You have 0 gold pieces.
A kobold brigand comes into view.
It is wielding a +0 short sword and quivering poisoned darts. 4 kobolds come into view.
Really read the scroll of immolation?
As you read the scroll of immolation, it crumbles to dust.
The creatures around you are filled with an inner flame!
The kobold shouts! x3; The kobold brigand shouts!
The kobold shouts! x3
You slash the kobold!
The kobold explodes!
The fiery explosion engulfs the kobold!!!
The fiery explosion engulfs you!!!
Ouch! That really hurt!
The fiery explosion engulfs the kobold!!
The kobold explodes!
The fiery explosion engulfs the kobold brigand!!
Flame seeps out of the kobold brigand.
The kobold brigand is almost dead.
The fiery explosion engulfs the kobold!!
The fiery explosion engulfs you!!
* * * LOW HITPOINT WARNING * * *
The kobold explodes!
The fiery explosion engulfs the kobold!!
The fiery explosion engulfs the kobold brigand!!
The fiery explosion engulfs the kobold!!
The kobold explodes!
The fiery explosion engulfs the kobold!!
The kobold explodes!
The kobold brigand explodes!
The kobold explodes! x2
You are engulfed in blazing flames.
You die...
Your body crumbles into a pile of gold.

#########
#..(.... #.[....
#..... #.#..
#.#.##
####.#.<#.#.#
#§§@..........+
#§§§##.....#.###
#§§§ #.#####
#§§§ #.# #§§§
#.# #$§. #.#
#... #.# #...
...


There were no monsters in sight!

Vanquished Creatures
  Pikel (D:5)
  A gargoyle (Bailey)
  Prince Ribbit (D:5)
  2 vampires (Bailey)
  3 steam dragons
  4 yaks (D:7)
  An acid dragon (D:7)
  5 water moccasins
  2 ice beasts (D:7)
  An orc warrior (D:7)
  A black bear (D:5)
  2 necrophages
  3 sky beasts
  An ogre (D:5)
  A centaur (D:6)
  2 kobold brigands
  3 bullfrogs
  A gnoll sergeant (D:7)
  2 scorpions (D:5)
  A water moccasin skeleton (D:5)
  A killer bee (D:7)
  A wight (D:7)
  6 vampire bats (Bailey)
  A howler monkey (D:6)
  4 wolf zombies (Bailey)
  A jelly (D:7)
  3 orc priests
  A gnoll shaman (D:6)
  3 hounds
  Jessica (D:2)
  3 bullfrog skeletons
  3 iguanas
  2 orc wizards
  A howler monkey zombie (D:7)
  9 gnolls
  18 orc zombies (Bailey)
  4 adders
  3 ufetubi
  An adder skeleton (D:4)
  2 worms
  A dart slug (D:3)
  22 orcs
  4 bats (D:1)
  4 endoplasms
  5 giant cockroaches
  8 goblins
  8 hobgoblins
  3 jackals (D:3)
  12 kobolds
  5 quokkas
  4 ball pythons
  4 frilled lizards
  9 rats
195 creatures vanquished.

Notes
Turn   | Place    | Note
-------+----------+-------------------------------------------
     0 | D:1      | Dorkslayer the Octopode Fighter began the quest for the
                  | Orb.
     0 | D:1      | Reached XP level 1. HP: 16/16 MP: 1/1
    60 | D:1      | Reached XP level 2. HP: 21/21 MP: 2/2
   436 | D:1      | Reached XP level 3. HP: 14/26 MP: 3/3
   810 | D:2      | Found Ilyveut's Assorted Antiques.
   813 | D:2      | Bought a scroll labelled GIN ECHEAKA for 24 gold pieces
   813 | D:2      | Bought a scroll labelled BAINKI LYHIOPO for 24 gold pieces
   907 | D:2      | Reached XP level 4. HP: 33/33 MP: 4/4
   943 | D:2      | Noticed Jessica
   965 | D:2      | Killed Jessica
  1497 | D:3      | Reached skill level 1 in Stealth
  1504 | D:3      | Reached skill level 3 in Long Blades
  1504 | D:3      | Reached XP level 5. HP: 21/37 MP: 5/5
  2026 | D:3      | Found Guiwkiz's Magic Scroll Shop.
  2066 | D:3      | Bought a scroll of identify for 28 gold pieces
  2066 | D:3      | Bought a scroll of identify for 28 gold pieces
  2305 | D:3      | Found a runed translucent gate.
  2380 | D:3      | Found a runed translucent gate.
  2381 | D:3      | Found a runed translucent gate.
  2381 | D:3      | Noticed Caerwyn's ghost (weakling BaIE)
  2449 | D:3      | Reached XP level 6. HP: 36/43 MP: 6/6
  2974 | D:4      | Found Ypuodetz's Antique Weapon Shoppe.
  2978 | D:4      | Noticed a water moccasin
  2984 | D:4      | Killed a water moccasin
  2985 | D:4      | Reached skill level 4 in Long Blades
  3600 | D:5      | Entered Level 5 of the Dungeon
  3669 | D:5      | Noticed a black bear
  3677 | D:5      | Killed a black bear
  3678 | D:5      | Reached XP level 7. HP: 35/48 MP: 7/7
  3694 | D:5      | Reached skill level 1 in Throwing
  3801 | D:5      | Reached skill level 5 in Long Blades
  3854 | D:5      | Reached skill level 5 in Stealth
  3964 | D:5      | Reached XP level 8. HP: 52/54 MP: 8/8
  3976 | D:5      | Noticed Pikel
  3995 | D:5      | Killed Pikel
  3996 | D:5      | Reached skill level 5 in Fighting
  3996 | D:5      | Reached skill level 6 in Long Blades
  3996 | D:5      | Reached skill level 5 in Dodging
  4271 | D:5      | Identified the +6 broad axe of Aczis {pain, rElec rC++}
  4309 | D:5      | Noticed Prince Ribbit
  4319 | D:5      | Killed Prince Ribbit
  4320 | D:5      | Reached skill level 1 in Evocations
  4568 | D:5      | Reached XP level 9. HP: 60/61 MP: 9/9
  4593 | D:5      | Reached skill level 7 in Long Blades
  4906 | D:6      | HP: 3/62 [poisoned by a water moccasin]
  5876 | D:7      | Identified a scroll of acquirement
  5876 | D:7      | Acquired 762 gold pieces
  5949 | D:7      | Reached skill level 8 in Long Blades
  6021 | D:7      | Found a staircase to the Ecumenical Temple.
  6150 | D:2      | Bought a scroll of enchant weapon for 180 gold pieces
  6184 | D:3      | Bought 2 scrolls of immolation for 98 gold pieces
  6184 | D:3      | Bought a scroll of identify for 28 gold pieces
  6184 | D:3      | Bought a scroll of torment for 105 gold pieces
  6319 | D:7      | Found a flagged portal.
  6325 | Bailey   | Entered a bailey
  6398 | Bailey   | Reached XP level 10. HP: 44/68 MP: 10/10
  6823 | Bailey   | Reached skill level 5 in Shields
  6865 | Bailey   | Noticed a gargoyle
  6877 | Bailey   | Killed a gargoyle
  7021 | Bailey   | Identified the +1 chain mail "Tabissei" {Dex+2 Slay+2}
  7030 | Bailey   | Identified the +2 leather armour of the Bull {+Inv}
  7069 | Bailey   | Identified the +2 pair of gloves of Myghocoh {rPois}
  7385 | D:7      | Found Anauzaoc's Distillery.
  7711 | D:7      | Reached skill level 5 in Evocations
  8027 | D:7      | Reached skill level 9 in Long Blades
  8534 | D:7      | Found Bosuopoph's General Store.
  8551 | D:7      | Bought a scroll of identify for 22 gold pieces
  8551 | D:7      | Bought a potion of magic for 88 gold pieces
  8696 | Temple   | Entered the Ecumenical Temple
  8784 | Temple   | Became a worshipper of Gozag Ym Sagoz the Greedy
  8942 | D:7      | Found Sepoilen's Book Shop.
  9043 | D:7      | Bought a potion of haste for 110 gold pieces
  9043 | D:7      | Bought a potion of curing for 33 gold pieces
  9043 | D:7      | Bought a potion of heal wounds for 55 gold pieces
  9043 | D:7      | Bought a potion of might for 44 gold pieces
  9043 | D:7      | Bought a potion of haste for 110 gold pieces
  9043 | D:7      | Bought a potion of heal wounds for 55 gold pieces
  9043 | D:7      | Bought a potion of curing for 33 gold pieces
  9134 | D:8      | HP: 1/71 [spore (30)]
  9134 | D:8      | Engulfed by a cloud of flame

Illustrated notes

Levels and vault maps discovered:
D:1:      lightli_arrival_maybe_door_vault, layout_rooms
D:2:      layout_rooms, serial_shops, nicolae_shop_window_shopping,
          nicolae_figureground_sparkle, uniq_jessica
D:3:      layout_basic, serial_shops, shop_scrolls, ebering_ghost_rock_garden
D:4:      layout_basic, serial_shops, shop,
          nicolae_concentric_dashed_squares_wild
D:5:      layout_loops_ring, uniq_pikel, uniq_prince_ribbit1
D:6:      layout_loops_ring
D:7:      layout_cave_pools, minmay_temple_entry_ruins, enter_bailey_4,
          serial_shops, nicolae_shop_waterfront, nicolae_stop_n_shop_2,
          nicolae_inconvenience_store, minmay_alternating_orb
D:8:      layout_basic
Temple:   mainiacjoe_temple_hex_bubbles

Skill      XL: |  1  2  3  4  5  6  7  8  9 10 |
---------------+-------------------------------+-----
Stealth        | 1 2 4 5 6 7 |  7.7
Long Blades    | 3 4 5 6 8 9 |  9.2
Fighting       | 4 5 6 7 |  7.1
Dodging        | 4 5 6 |  6.7
Throwing       | 1 2 3 |  3.3
Shields        | 4 5 |  5.3
Evocations     | 1 4 5 |  5.3

Action                   |  1- 3 |  4- 6 |  7- 9 | 10-12 || total
-------------------------+-------+-------+-------+-------++-------
Melee: Long sword        |    66 |    98 |   179 |   112 ||   455
       Constrict         |    24 |    27 |    44 |    22 ||   117
       Tentacles         |    10 |    19 |    45 |    21 ||    95
Throw: Dart              |     2 |     9 |    24 |    49 ||    84
Evoke: Wand              |       |       |       |     2 ||     2
  Use: Potion            |     1 |       |     3 |     1 ||     5
       Scroll            |       |     6 |    17 |     6 ||    29
 Stab: Sleeping          |     1 |     9 |     9 |     4 ||    23
       Distracted        |       |       |       |     1 ||     1
Armor: Skin              |     6 |     7 |     2 |     1 ||    16
Dodge: Dodged            |    45 |    85 |   115 |    77 ||   322
Block: Buckler           |    12 |    22 |    77 |    57 ||   168
       Reflection        |       |       |       |     1 ||     1

Table legend: (Time is in decaauts)
 A = Elapsed time spent in this place.
 B = Non-inter-level travel time spent in this place.
 C = Inter-level travel time spent in this place.
 D = Time resting spent in this place.
 E = Time spent auto-exploring this place.
 F = Levels seen in this place.
 G = Mean time per level.
                   A        B        C        D        E       F      G
               +--------+--------+--------+--------+--------+-----+--------+
         Total |   9176 |   8908 |    268 |   3196 |   1496 |  10 |  917.6 |
       Dungeon |   8129 |   7861 |    268 |   2625 |   1496 |   8 | 1016.1 |
        Temple |    141 |    141 |      0 |      0 |      0 |   1 |  141.0 |
        Bailey |    904 |    904 |      0 |    571 |      0 |   1 |  904.0 |
               +--------+--------+--------+--------+--------+-----+--------+

Top non-repeatable levels by time:
     D:7: 2028 daAuts
     D:3: 1324 daAuts
     D:5: 1190 daAuts
     D:6: 1126 daAuts
     D:4: 927 daAuts
  Bailey: 904 daAuts
     D:2: 795 daAuts
     D:1: 731 daAuts
  Temple: 141 daAuts
     D:8: 5 daAuts
